 Dungeon Crawl Stone Soup version 0.22.0 (webtiles) character file.

7366 Esekla the Slicer (level 11, 0/75 HPs)
             Began as an Octopode Skald on Aug 11, 2018.
             Was a Follower of Ashenzari.
             Slain by a troll (8 damage)
             ... on level 9 of the Dungeon.
             The game lasted 01:57:16 (9847 turns).

Esekla the Slicer (Octopode Skald)                  Turns: 9847, Time: 01:57:19

Health: 0/75       AC:  7    Str: 12    XL:     11   Next: 14%
Magic:  12/15      EV: 18    Int: 17    God:    Ashenzari [*.....]
Gold:   743        SH:  6    Dex: 22    Spells: 3/16 levels left

rFire    . . .     SeeInvis .   q - +3 short sword (vamp) (curse)
rCold    . . .     Gourm    .   F - +1 buckler
rNeg     + + .     Faith    .   (helmet restricted)
rPois    +         Spirit   .   u - amulet of regeneration (curse)
rElec    .         Reflect  .   m - ring of poison resistance (curse)
rCorr    .         Harm     .   M - +3 ring of protection (curse)
MR       .....                  v - ring of wizardry (curse)
Stlth    +++++.....             x - +4 ring of dexterity
HPRegen  0.62/turn              r - ring of positive energy
MPRegen  0.14/turn              E - ring of positive energy
                                I - +2 ring of strength
                                K - +3 ring of protection

@: no status effects
A: almost no armour, stealthy swim, amphibious, 8 rings, constrict 8, camouflage
1, agile 2, robust 1, gelatinous body 1, evolution 1
a: Curse Item, Scrying, Renounce Religion


You were on level 9 of the Dungeon.
You worshipped Ashenzari.
Ashenzari was aware of your devotion.
You were not hungry.

You visited 2 branches of the dungeon, and saw 12 of its levels.

You collected 743 gold pieces.

Inventory:

Hand Weapons
 a - a +0 falchion
 b - a +0 dagger
 g - a +0 short sword of protection
 p - a +2 antimagic dagger
 q - a cursed +3 vampiric short sword (weapon)
 t - a +0 dagger of venom
 y - a +0 falchion of venom
 A - a cursed +3 short sword of freezing
 N - a +2 dagger of flaming
 O - a cursed +3 dagger
 P - a cursed +3 hand axe
 Q - a +1 long sword
Missiles
 d - 308 stones (quivered)
 k - 22 tomahawks
Armour
 F - a +1 buckler (worn)
Jewellery
 m - a cursed ring of poison resistance (left tentacle)
 r - a ring of positive energy (on tentacle)
 u - a cursed amulet of regeneration (around mantle)
 v - a cursed ring of wizardry (on tentacle)
 x - a +4 ring of dexterity (on tentacle)
 z - an uncursed ring of magical power
 E - a ring of positive energy (on tentacle)
 H - the cursed necklace of Bloodlust {*Rage +Rage MR++ Int-3 Slay+6 *Curse}
   (You found it on level 7 of the Dungeon)

   [amulet of rage]

   It affects your intelligence (-3).
   It affects your accuracy and damage with ranged weapons and melee attacks
   (+6).
   It affects your resistance to hostile enchantments.
   It lets you go berserk.
   It may make you go berserk in combat.
   It curses itself when equipped.
   It has a curse placed upon it.
 I - a +2 ring of strength (on tentacle)
 K - a +3 ring of protection (on tentacle)
 M - a cursed +3 ring of protection (right tentacle)
 R - an uncursed ring of resist corrosion
Wands
 h - a wand of flame (34)
 D - a wand of random effects (13)
Scrolls
 f - 2 scrolls of identify
 j - 4 scrolls of teleportation
 o - a scroll of fog
 s - 3 scrolls of enchant armour
 w - a scroll of remove curse
 B - 2 scrolls of silence
Potions
 e - 2 potions of might
 i - 3 potions of ambrosia
 l - 2 potions of curing
 n - a potion of flight
 C - 2 potions of cancellation
 G - a potion of lignification
 J - a potion of mutation
 L - a potion of heal wounds {unknown}
Comestibles
 c - 14 rations


   Skills:
 - Level 4.0 Fighting
 + Level 8.8(9.6) Short Blades
 - Level 6.1(8.3) Long Blades
 - Level 0.1 Throwing
 + Level 6.0 Dodging
 - Level 6.0 Stealth
 * Level 1.9 Shields
 + Level 3.1 Spellcasting
 + Level 3.3 Conjurations
 + Level 4.2 Hexes
 + Level 4.7 Charms
 + Level 4.1 Translocations
 + Level 4.0 Air Magic
 + Level 4.0 Poison Magic


You had 3 spell levels left.
You knew the following spells:

 Your Spells              Type           Power        Failure   Level  Hunger
a - Infusion              Chrm           ###.         1%          1    None
b - Shroud of Golubria    Chrm/Tloc      ###.......   2%          2    ##.....
c - Song of Slaying       Chrm           ###.....     1%          2    ##.....
d - Spectral Weapon       Hex/Chrm       ###.....     4%          3    ###....
e - Mephitic Cloud        Conj/Pois/Air  ###.....     6%          3    ###....
f - Blink                 Tloc           N/A          2%          2    ##.....

Your spell library contained the following spells:

 Spells                   Type           Power        Failure   Level  Hunger
 Magic Dart               Conj           ##..         2%          1    None
 Conjure Flame            Conj/Fire      #.......     13%         3    ###....
 Slow                     Hex            ###.....     2%          2    ##.....
 Call Imp                 Summ           #.......     13%         2    ##.....
 Regeneration             Chrm/Necr      ##........   11%         3    ###....
 Stone Arrow              Conj/Erth      #.....       13%         3    ###....
 Spider Form              Tmut/Pois      #.........   12%         3    ###....
 Blade Hands              Tmut           #.........   91%         5    ######.
 Ice Form                 Ice/Tmut       #.......     61%         4    ####...
 Passwall                 Tmut/Erth      #.......     13%         2    ##.....
 Sticks to Snakes         Tmut           #.......     13%         2    ##.....
 Lee's Rapid Deconstruct  Erth           #.........   91%         5    ######.
 Sandblast                Erth           #.....       9%          1    None
 Petrify                  Tmut/Erth      #.......     61%         4    ####...
 Beastly Appendage        Tmut           #.....       9%          1    None


Dungeon Overview and Level Annotations

Branches:
Dungeon (11/15)            Temple (1/1) D:6
   Lair: D:8-11         Orc: D:9-12

Altars:
Ashenzari
Cheibriados
Dithmenos
Elyvilon
Gozag
Hepliaklqana
Kikubaaqudgha
Makhleb
Nemelex Xobeh
Okawaru
Qazlal
Ru
Sif Muna
Uskayaw
Wu Jian
Zin
The Shining One

Shops:
D:4 =%


Innate Abilities, Weirdness & Mutations

You cannot wear most types of armour.
You are very stealthy in the water. (Stealth+)
You are amphibious.
You can wear up to eight rings at the same time.
You can use your tentacles to constrict eight enemies at once.
Your skin changes colour to match your surroundings (Stealth+).
Your rubbery body absorbs attacks. (AC +1, EV +1)
You are very agile. (Dex +4)
You are robust. (+10% HP)
You evolve.


Message History

Your spectral weapon barely misses the troll.
You puncture the troll!
You feel better.
You squeeze the troll.
The troll is heavily wounded.
Your spectral weapon hits the troll but does no damage.
You block the troll's attack. The troll closely misses you.
You block the troll's attack.
You closely miss the troll.
The troll is heavily wounded.
Your spectral weapon hits the troll.
The troll bites you. The troll claws you! The troll completely misses you.
You hit the troll.
The troll is heavily wounded.
Your spectral weapon barely misses the troll.
You barely miss the troll. Your squeeze misses the troll.
The troll is heavily wounded.
Your spectral weapon closely misses the troll.
The troll bites you!!
* * * LOW HITPOINT WARNING * * *
The troll claws you!
You die...

............[....#####...........
.................#####...........
.................#####...........
...............(.#####.......(...
.................................
.................................
.................................
...............T(................
................@................
#################################


You could see a troll and a friendly spectral vampiric short sword.

Vanquished Creatures
  A two-headed ogre (D:10)
  Pikel (D:8)
  An ugly thing (D:11)
  Psyche (D:8)
  Joseph (D:7)
  A spriggan (D:8)
  A wyvern (D:5)
  3 yaks
  A water moccasin (D:10)
  A sky beast (D:8)
  4 ice beasts
  4 orc warriors
  3 slaves (D:8)
  A phantom (D:6)
  A necrophage (D:6)
  4 centaurs
  4 bullfrogs (D:6)
  3 gnoll sergeants
  A scorpion (D:3)
  A water moccasin skeleton (D:5)
  3 killer bees (D:8)
  8 wights
  6 howler monkeys
  2 bullfrog zombies
  3 crimson imps
  A quasit (D:6)
  A jelly (D:6)
  2 centaur skeletons
  4 orc priests
  A bullfrog skeleton (D:5)
  8 hounds
  5 iguanas
  15 orc wizards
  A killer bee zombie (D:6)
  7 worker ants
  2 worker ant zombies
  9 gnolls
  9 adders
  3 shadow imps
  3 oozes
  4 worms
  3 dart slugs
  5 leopard geckos
  43 orcs
  6 giant cockroaches
  12 hobgoblins
  11 jackals
  19 kobolds
  2 quokkas
  A ball python skeleton (D:5)
  A ball python zombie (D:5)
  7 bats
  3 frilled lizards
  9 goblins
  A leopard gecko skeleton (D:6)
  A leopard gecko zombie (D:5)
  A quokka skeleton (D:6)
  A quokka zombie (D:5)
  12 rats
  A plant (D:2)
274 creatures vanquished.

Vanquished Creatures (others)
  A centaur (D:8)
  6 spectral weapons
7 creatures vanquished.

Grand Total: 281 creatures vanquished

Notes
Turn   | Place    | Note
-------+----------+-------------------------------------------
     0 | D:1      | Esekla the Octopode Skald began the quest for the Orb.
     0 | D:1      | Reached XP level 1. HP: 14/14 MP: 3/3
     6 | D:1      | Noticed a hog
     6 | D:1      | Noticed a lindwurm
     6 | D:1      | Noticed a worker ant
     6 | D:1      | Noticed an iguana
     6 | D:1      | Noticed a black bear
    49 | D:1      | Reached XP level 2. HP: 12/19 MP: 5/5
   399 | D:2      | Reached XP level 3. HP: 25/25 MP: 6/6
   419 | D:2      | Found a glowing golden altar of the Shining One.
   614 | D:2      | Reached skill level 1 in Stealth
  1104 | D:3      | Reached XP level 4. HP: 25/30 MP: 7/7
  1115 | D:3      | Learned a level 2 spell: Shroud of Golubria
  1118 | D:3      | Learned a level 2 spell: Song of Slaying
  1185 | D:3      | Reached XP level 5. HP: 22/36 MP: 8/8
  1817 | D:2      | Found a sacrificial altar of Ru.
  1929 | D:2      | Reached XP level 6. HP: 28/42 MP: 9/9
  1934 | D:2      | Learned a level 3 spell: Spectral Weapon
  2532 | D:3      | Found a glowing silver altar of Zin.
  2737 | D:4      | Found a snail-covered altar of Cheibriados.
  2773 | D:4      | Found Hapovvim's Jewellery Emporium.
  2860 | D:4      | Noticed a phantom
  2905 | D:4      | Found Atukyib's Food Boutique.
  3310 | D:4      | Reached skill level 5 in Stealth
  3328 | D:4      | Reached XP level 7. HP: 21/46 MP: 10/10
  3595 | D:5      | Entered Level 5 of the Dungeon
  3899 | D:5      | Noticed a wyvern
  3946 | D:5      | Reached skill level 5 in Long Blades
  4574 | D:6      | Found a staircase to the Ecumenical Temple.
  4667 | D:6      | Reached XP level 8. HP: 29/54 MP: 4/11
  4711 | Temple   | Entered the Ecumenical Temple
  4716 | Temple   | Learned a level 3 spell: Mephitic Cloud
  4723 | Temple   | Became a worshipper of Ashenzari the Shackled
  4833 | D:6      | Found a white marble altar of Elyvilon.
  4862 | D:6      | Reached skill level 1 in Short Blades
  4862 | D:6      | Reached skill level 1 in Hexes
  5248 | D:6      | Reached skill level 1 in Poison Magic
  5252 | D:6      | Reached skill level 1 in Translocations
  5252 | D:6      | Reached skill level 1 in Air Magic
  5259 | D:6      | Reached skill level 2 in Short Blades
  5259 | D:6      | Reached skill level 1 in Conjurations
  5580 | D:5      | Reached skill level 3 in Short Blades
  5982 | D:5      | Killed a wyvern
  5982 | D:5      | Reached XP level 9. HP: 58/58 MP: 9/12
  6172 | D:6      | Reached skill level 4 in Short Blades
  6184 | D:6      | Gained mutation: You are frail. (-10% HP) [potion of mutation]
  6184 | D:6      | Gained mutation: You passively map a small area around you. [potion of mutation]
  6205 | D:6      | Lost mutation: You are frail. (-10% HP) [potion of mutation]
  6205 | D:6      | Lost mutation: You passively map a small area around you. [potion of mutation]
  6205 | D:6      | Gained mutation: One of your tentacles bears a spike. [potion of mutation]
  6205 | D:6      | Gained mutation: You are partially covered in yellow scales. (AC +2) [potion of mutation]
  6205 | D:6      | Gained mutation: You are agile. (Dex +2) [potion of mutation]
  6205 | D:6      | Gained mutation: You are very agile. (Dex +4) [potion of mutation]
  6206 | D:6      | Lost mutation: One of your tentacles bears a spike. [potion of mutation]
  6206 | D:6      | Lost mutation: You are partially covered in yellow scales. (AC +2) [potion of mutation]
  6206 | D:6      | Lost mutation: You are very agile. (Dex +4) [potion of mutation]
  6206 | D:6      | Gained mutation: You are dopey. (Int -2) [potion of mutation]
  6206 | D:6      | Gained mutation: You evolve. [potion of mutation]
  6206 | D:6      | Lost mutation: You are dopey. (Int -2) [potion of mutation]
  6206 | D:6      | Gained mutation: You are very agile. (Dex +4) [potion of mutation]
  6213 | D:6      | Found a burning altar of Makhleb.
  6546 | D:7      | Noticed Joseph
  6657 | D:8      | Reached skill level 5 in Short Blades
  6944 | D:10     | Entered Level 10 of the Dungeon
  7080 | D:10     | Noticed a two-headed ogre
  7106 | D:10     | Killed a two-headed ogre
  7106 | D:10     | Reached skill level 6 in Short Blades
  7106 | D:10     | Reached skill level 5 in Dodging
  7143 | D:11     | Noticed a brown ugly thing
  7154 | D:11     | Killed a brown ugly thing
  7154 | D:11     | Reached XP level 10. HP: 32/63 MP: 13/13
  7246 | D:11     | Learned a level 2 spell: Blink
  7406 | D:9      | Reached * piety under Ashenzari
  7491 | D:8      | Reached skill level 7 in Short Blades
  7560 | D:8      | Found an iron altar of Okawaru.
  7840 | D:8      | Noticed Psyche
  7843 | D:8      | Killed Psyche
  7887 | D:7      | Found the cursed necklace of Bloodlust {*Rage +Rage MR++ Int-3 Slay+6 *Curse}
  8110 | D:7      | Killed Joseph
  8110 | D:7      | Reached skill level 8 in Short Blades
  8151 | D:7      | Learned a level 2 spell: Song of Slaying
  8731 | D:8      | Gained mutation: You are robust. (+10% HP) [evolution]
  8919 | D:8      | Found an ancient bone altar of Kikubaaqudgha.
  8921 | D:8      | Found a hide-covered altar of Uskayaw.
  9105 | D:8      | Noticed Pikel
  9259 | D:8      | Killed Pikel
  9259 | D:8      | Reached skill level 1 in Shields
  9259 | D:8      | Reached XP level 11. HP: 65/75 MP: 15/15
  9835 | D:10     | Noticed a two-headed ogre
  9847 | D:9      | Slain by a troll

Skill      XL: |  1  2  3  4  5  6  7  8  9 10 11 |
---------------+----------------------------------+-----
Stealth        | 1 3 5 6 |  6.0
Long Blades    | 3 4 6 |  6.1
Dodging        | 3 4 5 6 |  6.0
Fighting       | 3 4 |  4.0
Short Blades   | 3 6 8 |  8.8
Hexes          | 2 3 4 |  4.2
Poison Magic   | 2 3 4 |  4.0
Translocations | 1 3 4 |  4.1
Air Magic      | 1 2 4 |  4.0
Conjurations   | 1 2 3 |  3.3
Charms         | 4 |  4.7
Shields        | 1 |  1.9
Spellcasting   | 3 |  3.1
Throwing       | |  0.1

Action                   |  1- 3 |  4- 6 |  7- 9 | 10-12 || total
-------------------------+-------+-------+-------+-------++-------
Melee: Falchion          |    69 |   145 |    66 |       ||   280
       Constrict         |    16 |    31 |    54 |    72 ||   173
       Tentacles         |    14 |    27 |    63 |   113 ||   217
       Dagger            |       |       |     6 |       ||     6
       Short sword       |       |       |   206 |   316 ||   522
Throw: Stone             |     6 |     7 |    23 |     5 ||    41
       Tomahawk          |       |     1 |     9 |     7 ||    17
 Cast: Infusion          |       |       |     3 |       ||     3
       Mephitic Cloud    |       |       |     2 |       ||     2
       Shroud of Golubri |       |       |     1 |       ||     1
       Spectral Weapon   |       |       |     2 |    14 ||    16
Invok: Curse Item        |       |       |     3 |     2 ||     5
  Use: Scroll            |       |     6 |     5 |     9 ||    20
       Potion            |       |     3 |     4 |       ||     7
 Stab: Sleeping          |     8 |    15 |    15 |     9 ||    47
       Distracted        |       |       |     2 |     3 ||     5
       Confused          |       |       |     3 |       ||     3
  Eat: Ration            |     1 |     2 |     5 |     3 ||    11
Armor: Skin              |     5 |     2 |    12 |     7 ||    26
Dodge: Dodged            |    33 |    74 |   167 |   144 ||   418
Block: Buckler           |       |       |       |    33 ||    33
       Rpst.: Falchion   |    12 |    24 |    12 |       ||    48
